 Dungeon Crawl Stone Soup version 0.29-a0-284-gf9362112df (webtiles) character file.

Game seed: 13951443434508650532

15388 epen the Archer (level 12, -8/94 HPs)
             Began as a Gnoll Hunter on Mar 14, 2022.
             Was a Believer of Dithmenos.
             Mangled by a boulder beetle (24 damage)
             ... on level 10 of the Dungeon.
             The game lasted 00:14:41 (11883 turns).

epen the Archer (Gnoll Hunter)                     Turns: 11883, Time: 00:14:42

Health: -8/94      AC: 13    Str: 11    XL:     12   Next: 26%
Magic:  22/22      EV: 17    Int:  8    God:    Dithmenos [**....]
Gold:   252        SH:  0    Dex: 21    Spells: 25/25 levels left

rFire   + . .      SeeInvis +   a - +2 shortbow (venom)
rCold   + . .      Faith    .   (shield currently unavailable)
rNeg    . . .      Spirit   .   J - +0 troll leather armour
rPois   +          Reflect  .   G - +0 helmet
rElec   +          Harm     .   (no cloak)
rCorr   .          Rampage  .   D - +0 pair of gloves
Will    .....                   m - +4 pair of boots of the Watchman {rPois}
Stlth   ++++++....              (no amulet)
HPRegen 1.05/turn               z - ring of Wisdom {rElec rF+ rC+}
MPRegen 0.18/turn               C - ring of see invisible

@: wreathed by umbra, studying Stealth
A: fangs 1, strong nose, distributed training
a: Renounce Religion, Shadow Step


You were on level 10 of the Dungeon.
You worshipped Dithmenos.
Dithmenos was pleased with you.
You visited 2 branches of the dungeon, and saw 11 of its levels.
You also visited: Sewer.

You collected 437 gold pieces.
You spent 185 gold pieces at shops.

Inventory:

Hand Weapons
 a - a +2 shortbow of venom (weapon)
 A - a +2 whip of flaming
 F - a +3 shortbow
Armour
 b - a +1 leather armour
 m - the +4 pair of boots of the Watchman (worn) {rPois}
   (You found it on level 4 of the Dungeon)

   rPois:     It protects you from poison.
 D - a +0 pair of gloves (worn)
 G - a +0 helmet (worn)
 J - a +0 troll leather armour (worn)
Jewellery
 o - a +6 ring of intelligence
 r - a ring of magical power
 u - a ring of wizardry
 v - an amulet of magic regeneration
 w - a ring of positive energy
 y - a ring of ice
 z - the ring of Wisdom (left hand) {rElec rF+ rC+}
   (You found it on level 6 of the Dungeon)

   [ring of protection from fire]

   rF:        It protects you from fire.
   rC:        It protects you from cold.
   rElec:     It insulates you from electricity.
 C - a ring of see invisible (right hand)
Wands
 E - a wand of iceblast (19)
Scrolls
 c - 2 scrolls of immolation
 d - 4 scrolls of blinking
 e - 3 scrolls of teleportation
 k - 2 scrolls of magic mapping
 s - 3 scrolls of enchant weapon
 t - 2 scrolls of amnesia
 H - a scroll of identify
Potions
 f - 2 potions of lignification
 g - a potion of berserk rage {unknown}
 h - a potion of magic {unknown}
 i - 5 potions of curing
 j - a potion of flight
 l - 3 potions of heal wounds
 n - 2 potions of resistance
 p - 3 potions of might
 x - a potion of brilliance
 B - 2 potions of haste
 I - a potion of cancellation
Miscellaneous
 q - a box of beasts (inert)


   Skills:
 + Level 8.5 Fighting
 + Level 7.1 Short Blades
 + Level 7.1 Long Blades
 + Level 7.1 Axes
 + Level 7.1 Maces & Flails
 + Level 7.1 Polearms
 + Level 7.1 Staves
 + Level 7.1 Slings
 + Level 11.1 Bows
 + Level 7.1 Crossbows
 + Level 7.1 Throwing
 + Level 7.1 Armour
 + Level 8.5 Dodging
 + Level 10.5 Stealth
 + Level 7.1 Shields
 + Level 7.1 Unarmed Combat
 + Level 7.1 Spellcasting
 + Level 5.9 Conjurations
 + Level 5.9 Hexes
 + Level 5.9 Summonings
 + Level 5.9 Necromancy
 + Level 5.9 Translocations
 + Level 5.9 Transmutations
 + Level 5.9 Fire Magic
 + Level 5.9 Ice Magic
 + Level 5.9 Air Magic
 + Level 5.9 Earth Magic
 + Level 5.9 Poison Magic
 + Level 7.8 Invocations
 + Level 7.1 Evocations


You had 25 spell levels left.
You didn't know any spells.
Your spell library contained the following spells:

 Spells                   Type           Power      Damage    Failure   Level
 Beastly Appendage        Tmut           24%        N/A       2%          1
 Wereblood                Tmut           12%        N/A       3%          2
 Spider Form              Tmut/Pois      12%        N/A       7%          3


Dungeon Overview and Level Annotations

Branches:
Dungeon (10/15)            Temple (1/1) D:6            Lair (0/6) D:9
  Sewer (visited)
    Orc: D:9-12

Altars:
Ashenzari
Cheibriados
Dithmenos
Elyvilon
Fedhas
Gozag
Hepliaklqana
Kikubaaqudgha
Makhleb
Nemelex Xobeh
Okawaru
Qazlal
Ru
Sif Muna
Trog
Uskayaw
Vehumet
Wu Jian
Xom
Yredelemnul
Zin
The Shining One

Shops:
D:1 =   D:6 !   D:7 !   D:8 (


Innate Abilities, Weirdness & Mutations

You have very sharp teeth.
Your uncanny sense of smell can sniff out nearby items.
Your experience applies equally to all skills.


Message History

Aim: a boulder beetle (lightly wounded, poisoned, umbra, 92% to hit)
You shoot an arrow. The arrow hits the boulder beetle.
The boulder beetle is lightly wounded.
Shoot: a) +2 shortbow (venom)
Press: ? - help, Shift-Dir - straight line, f/p - boulder beetle
Aim: a boulder beetle (lightly wounded, poisoned, umbra, 92% to hit)
You shoot an arrow. The arrow hits the boulder beetle.
The boulder beetle looks even sicker.
The boulder beetle is lightly wounded.
The boulder beetle bites you!
* * * LOW HITPOINT WARNING * * *
Shoot: a) +2 shortbow (venom)
Press: ? - help, Shift-Dir - straight line, f/p - boulder beetle
Aim: a boulder beetle (moderately wounded, very poisoned, umbra, 92% to hit)
You shoot an arrow.
The arrow hits the boulder beetle but does no damage.
The boulder beetle is moderately wounded.
The boulder beetle misses you.
Shoot: a) +2 shortbow (venom)
Press: ? - help, Shift-Dir - straight line, f/p - boulder beetle
Aim: a boulder beetle (moderately wounded, very poisoned, umbra, 92% to hit)
You shoot an arrow.
The arrow hits the boulder beetle but does no damage.
The boulder beetle looks as sick as possible!
The boulder beetle is moderately wounded.
The boulder beetle bites you!
* * * LOW HITPOINT WARNING * * *
Shoot: a) +2 shortbow (venom)
Press: ? - help, Shift-Dir - straight line, f/p - boulder beetle
Aim: a boulder beetle (heavily wounded, extremely poisoned, umbra, 92% to hit)
You shoot an arrow.
The arrow hits the boulder beetle but does no damage.
The boulder beetle looks as sick as possible!
The boulder beetle is heavily wounded.
The boulder beetle barely misses you.
The boulder beetle attacks as you move away!
The boulder beetle closely misses you.
The boulder beetle attacks as you move away!
The boulder beetle bites you!!
You die...

#.####.########
#.#)$#.# #.#?$# # #
#.#++# # #.#..# ##
################.#..#
#.
'.............##(#..#
#.
################)#.)#
#########. # #@#..#
#.......'. # ##B#
#########. #..# #.
#### ##


You could see a boulder beetle (extremely poisoned).

Vanquished Creatures
  A boulder beetle (D:10)
  Erolcha (D:9)
  3 two-headed ogres
  A tengu warrior (D:10)
  A deep troll (D:10)
  Pikel (D:6)
  A deep elf pyromancer (D:10)
  2 cyclopes
  An unseen horror (D:10)
  A kobold demonologist (D:10)
  Maggie (D:9)
  A tengu conjurer (D:10)
  2 trolls (D:10)
  5 slime creatures (D:10)
  Prince Ribbit (D:5)
  Sigmund (D:3)
  9 yaks
  A vampire (D:10)
  3 wyverns
  2 steam dragons
  Edmund (D:6)
  A water moccasin (D:7)
  2 ice beasts (D:7)
  An orc warrior (D:9)
  5 black bears
  4 centaurs
  A phantom (D:6)
  A lemure (D:5)
  3 kobold brigands
  8 bullfrogs
  4 scorpions
  3 necrophages
  8 wights
  3 killer bees
  4 howler monkeys
  2 orc priests (D:3)
  A gnoll shaman (D:6)
  4 jellies
  3 orc wizards
  2 iguanas
  5 gnolls
  15 adders
  A shadow imp (D:7)
  A white imp (D:6)
  An ufetubus (D:5)
  A worm (D:4)
  5 dart slugs
  29 orcs
  9 ball pythons
  6 bats
  10 endoplasms
  11 giant cockroaches
  5 goblins
  7 hobgoblins
  28 kobolds
  11 quokkas
  16 frilled lizards
  4 rats
265 creatures vanquished.

Vanquished Creatures (collateral kills)
  4 yaks (D:10)
  8 killer bees
12 creatures vanquished.

Vanquished Creatures (others)
  A kobold (D:9)
1 creature vanquished.

Grand Total: 278 creatures vanquished

Notes
Turn   | Place    | Note
-------+----------+-------------------------------------------
     0 | D:1      | epen the Gnoll Hunter began the quest for the Orb.
     0 | D:1      | Reached XP level 1. HP: 20/20 MP: 1/1
    34 | D:1      | Found a faded altar of an unknown god.
   185 | D:1      | Reached XP level 2. HP: 26/26 MP: 2/2
   398 | D:1      | Found Viulluet's Jewellery Emporium.
   483 | D:1      | Reached XP level 3. HP: 31/31 MP: 3/3
   804 | D:2      | Reached skill level 1 in Invocations
  1293 | D:2      | Reached skill level 1 in Short Blades
  1293 | D:2      | Reached skill level 1 in Long Blades
  1293 | D:2      | Reached skill level 1 in Axes
  1293 | D:2      | Reached skill level 1 in Maces & Flails
  1293 | D:2      | Reached skill level 1 in Polearms
  1293 | D:2      | Reached skill level 1 in Staves
  1293 | D:2      | Reached skill level 1 in Slings
  1293 | D:2      | Reached skill level 1 in Crossbows
  1293 | D:2      | Reached skill level 1 in Throwing
  1293 | D:2      | Reached skill level 1 in Armour
  1293 | D:2      | Reached skill level 1 in Shields
  1293 | D:2      | Reached skill level 1 in Unarmed Combat
  1293 | D:2      | Reached skill level 1 in Spellcasting
  1293 | D:2      | Reached skill level 1 in Evocations
  1410 | D:2      | Reached XP level 4. HP: 38/38 MP: 5/5
  1843 | D:3      | Reached skill level 1 in Conjurations
  1843 | D:3      | Reached skill level 1 in Hexes
  1843 | D:3      | Reached skill level 1 in Summonings
  1843 | D:3      | Reached skill level 1 in Necromancy
  1843 | D:3      | Reached skill level 1 in Translocations
  1843 | D:3      | Reached skill level 1 in Transmutations
  1843 | D:3      | Reached skill level 1 in Fire Magic
  1843 | D:3      | Reached skill level 1 in Ice Magic
  1843 | D:3      | Reached skill level 1 in Air Magic
  1843 | D:3      | Reached skill level 1 in Earth Magic
  1843 | D:3      | Reached skill level 1 in Poison Magic
  1912 | D:3      | Noticed Sigmund
  1928 | D:3      | Killed Sigmund
  1929 | D:3      | Reached XP level 5. HP: 36/43 MP: 5/7
  1929 | D:3      | Reached XP level 6. HP: 41/50 MP: 5/8
  1946 | D:3      | Reached skill level 5 in Fighting
  1946 | D:3      | Reached skill level 5 in Dodging
  2741 | D:4      | Identified the +4 pair of boots of the Watchman {rPois}
  2759 | D:4      | Found a glowing drain.
  2768 | Sewer    | Entered a sewer
  2888 | Sewer    | Reached XP level 7. HP: 56/56 MP: 10/10
  3862 | D:5      | Entered Level 5 of the Dungeon
  3998 | D:5      | Reached skill level 9 in Bows
  4106 | D:5      | Reached skill level 5 in Stealth
  4106 | D:5      | Reached XP level 8. HP: 63/63 MP: 12/12
  4282 | D:5      | Noticed Prince Ribbit
  4298 | D:5      | Killed Prince Ribbit
  5282 | D:6      | Noticed Pikel
  5540 | D:6      | Noticed a two-headed ogre
  5547 | D:6      | Killed a two-headed ogre
  5548 | D:6      | Reached XP level 9. HP: 69/69 MP: 15/15
  5576 | D:6      | Found a staircase to the Ecumenical Temple.
  5585 | Temple   | Entered the Ecumenical Temple
  5837 | Temple   | Became a worshipper of Dithmenos the Shadowed
  5877 | D:6      | Identified the ring of Wisdom {rElec rF+ rC+}
  5900 | D:6      | Killed Pikel
  5962 | D:6      | Reached skill level 5 in Invocations
  6117 | D:6      | Noticed Edmund
  6129 | D:6      | Killed Edmund
  6424 | D:6      | Found Guxkaot's Distillery.
  6428 | D:6      | Bought a potion of haste for 120 gold pieces
  6636 | D:6      | Reached XP level 10. HP: 62/76 MP: 17/17
  6857 | D:7      | Found an ancient bone altar of Kikubaaqudgha.
  7019 | D:7      | Reached skill level 5 in Short Blades
  7019 | D:7      | Reached skill level 5 in Long Blades
  7019 | D:7      | Reached skill level 5 in Axes
  7019 | D:7      | Reached skill level 5 in Maces & Flails
  7019 | D:7      | Reached skill level 5 in Polearms
  7019 | D:7      | Reached skill level 5 in Staves
  7019 | D:7      | Reached skill level 5 in Slings
  7019 | D:7      | Reached skill level 5 in Crossbows
  7019 | D:7      | Reached skill level 5 in Throwing
  7019 | D:7      | Reached skill level 5 in Armour
  7019 | D:7      | Reached skill level 5 in Shields
  7019 | D:7      | Reached skill level 5 in Unarmed Combat
  7019 | D:7      | Reached skill level 5 in Spellcasting
  7019 | D:7      | Reached skill level 5 in Evocations
  7074 | D:7      | Reached * piety under Dithmenos
  7132 | D:7      | Reached skill level 10 in Bows
  7256 | D:7      | Found Jengiwno's Distillery.
  7264 | D:7      | Bought a potion of heal wounds for 65 gold pieces
  8094 | D:8      | Found Lymytaora's Weapon Shoppe.
  8155 | D:8      | Noticed a cyclops
  8163 | D:8      | Killed a cyclops
  8601 | D:9      | Noticed Erolcha
  8606 | D:8      | Reached ** piety under Dithmenos
  8826 | D:8      | Reached XP level 11. HP: 82/84 MP: 19/19
  8973 | D:9      | Killed Erolcha
  8974 | D:9      | Reached skill level 5 in Conjurations
  8974 | D:9      | Reached skill level 5 in Hexes
  8974 | D:9      | Reached skill level 5 in Summonings
  8974 | D:9      | Reached skill level 5 in Necromancy
  8974 | D:9      | Reached skill level 5 in Translocations
  8974 | D:9      | Reached skill level 5 in Transmutations
  8974 | D:9      | Reached skill level 5 in Fire Magic
  8974 | D:9      | Reached skill level 5 in Ice Magic
  8974 | D:9      | Reached skill level 5 in Air Magic
  8974 | D:9      | Reached skill level 5 in Earth Magic
  8974 | D:9      | Reached skill level 5 in Poison Magic
  9070 | D:9      | Found a staircase to the Lair.
  9086 | D:9      | Noticed a two-headed ogre
  9096 | D:9      | Killed a two-headed ogre
  9386 | D:9      | Noticed Maggie
  9400 | D:9      | Killed Maggie
  9578 | D:9      | Noticed an ice dragon
  9689 | D:10     | Entered Level 10 of the Dungeon
  9689 | D:10     | Noticed a tengu warrior
  9701 | D:10     | Killed a tengu warrior
  9900 | D:10     | Noticed a two-headed ogre
  9906 | D:10     | Killed a two-headed ogre
 10064 | D:10     | Noticed a boulder beetle
 10076 | D:10     | Killed a boulder beetle
 11103 | D:10     | Reached skill level 10 in Stealth
 11806 | D:10     | Reached XP level 12. HP: 87/93 MP: 22/22
 11817 | D:10     | Reached skill level 11 in Bows
 11844 | D:10     | Noticed a boulder beetle
 11883 | D:10     | Mangled by a boulder beetle

Illustrated notes

Levels and vault maps discovered:
D:1:      roderic_crossed_star, layout_loops_ring, serial_shops,
          nicolae_shop_statue_plus, hellmonk_ecumenical_altar_prayer_group
D:2:      layout_loops_cross, kennysheep_path_1
D:3:      layout_basic, minmay_quantized, uniq_sigmund
D:4:      minmay_recursive_quarters, layout_loops_cross, portal_sewer_entry_f
D:5:      layout_basic, grunt_decor_resistance, minmay_holes,
          uniq_prince_ribbit1
D:6:      layout_loops_ring, minmay_temple_entry_trees, serial_shops,
          nicolae_shop_window_shopping, uniq_edmund, uniq_pikel
D:7:      layout_rooms, kiku_gazebo_pond_becter, serial_shops, shop_statue,
          chequers_serial_rivers_small_3
D:8:      layout_cave_pods, serial_shops, nicolae_take_the_stairs,
          nicolae_figureground_pulse
D:9:      dragon1_lemuel, layout_cave_pools, lair_entry_dummy, uniq_erolcha,
          uniq_maggie
D:10:     layout_roguey, wad_scary_box
Temple:   mainiacjoe_temple_archimedes_tessellation

Skill      XL: |  1  2  3  4  5  6  7  8  9 10 11 12 |
---------------+-------------------------------------+-----
Invocations    | 1 2 3 4 5 6 7 |  7.8
Short Blades   | 1 2 4 5 6 7 |  7.1
Long Blades    | 1 2 4 5 6 7 |  7.1
Axes           | 1 2 4 5 6 7 |  7.1
Maces & Flails | 1 2 4 5 6 7 |  7.1
Polearms       | 1 2 4 5 6 7 |  7.1
Staves         | 1 2 4 5 6 7 |  7.1
Slings         | 1 2 4 5 6 7 |  7.1
Crossbows      | 1 2 4 5 6 7 |  7.1
Throwing       | 1 2 4 5 6 7 |  7.1
Armour         | 1 2 4 5 6 7 |  7.1
Shields        | 1 2 4 5 6 7 |  7.1
Unarmed Combat | 1 2 4 5 6 7 |  7.1
Spellcasting   | 1 2 4 5 6 7 |  7.1
Evocations     | 1 2 4 5 6 7 |  7.1
Stealth        | 3 4 5 6 7 8 10 | 10.5
Conjurations   | 1 2 3 4 5 |  5.9
Hexes          | 1 2 3 4 5 |  5.9
Summonings     | 1 2 3 4 5 |  5.9
Necromancy     | 1 2 3 4 5 |  5.9
Translocations | 1 2 3 4 5 |  5.9
Transmutations | 1 2 3 4 5 |  5.9
Fire Magic     | 1 2 3 4 5 |  5.9
Ice Magic      | 1 2 3 4 5 |  5.9
Air Magic      | 1 2 3 4 5 |  5.9
Earth Magic    | 1 2 3 4 5 |  5.9
Poison Magic   | 1 2 3 4 5 |  5.9
Fighting       | 5 6 7 8 |  8.5
Dodging        | 5 6 7 8 |  8.5
Bows           | 9 10 11 | 11.1

Action                   |  1- 3 |  4- 6 |  7- 9 | 10-12 || total
-------------------------+-------+-------+-------+-------++-------
Melee: Whip              |       |       |       |     4 ||     4
       Punch             |       |       |       |     2 ||     2
 Fire: Shortbow          |    94 |   149 |   271 |   468 ||   982
Evoke: Box of beasts     |       |       |       |     2 ||     2
       Wand              |       |       |       |     2 ||     2
  Use: Scroll            |       |     9 |     4 |     4 ||    17
       Potion            |       |       |     1 |       ||     1
 Stab: Distracted        |       |       |       |     1 ||     1
Armor: Leather armour    |     8 |     6 |    34 |    65 ||   113
       Troll leather arm |       |       |       |     9 ||     9
Dodge: Dodged            |    27 |    36 |    82 |   290 ||   435

Table legend: (Time is in decaauts)
 A = Elapsed time spent in this place.
 B = Non-inter-level travel time spent in this place.
 C = Inter-level travel time spent in this place.
 D = Time resting spent in this place.
 E = Time spent auto-exploring this place.
 F = Levels seen in this place.
 G = Mean time per level.
                   A        B        C        D        E       F      G
               +--------+--------+--------+--------+--------+-----+--------+
         Total |  12067 |  11642 |    425 |   1916 |   7650 |  12 | 1005.6 |
       Dungeon |  11094 |  10718 |    376 |   1916 |   7029 |  10 | 1109.4 |
        Temple |    275 |    226 |     49 |      0 |    199 |   1 |  275.0 |
         Sewer |    696 |    696 |      0 |      0 |    422 |   1 |  696.0 |
               +--------+--------+--------+--------+--------+-----+--------+

Top non-repeatable levels by time:
    D:10: 2191 daAuts
     D:8: 1561 daAuts
     D:5: 1429 daAuts
     D:6: 1097 daAuts
     D:2: 966 daAuts
     D:3: 925 daAuts
     D:4: 845 daAuts
     D:9: 793 daAuts
     D:1: 742 daAuts
   Sewer: 696 daAuts
     D:7: 542 daAuts
  Temple: 275 daAuts
